 Dungeon Crawl Stone Soup version 0.29-a0-275-g389c0b56f3 (webtiles) character file.

Game seed: 15806122127440475576

57 Murumi the Skirmisher (level 4, 48/48 HPs)
             Began as an Ogre Gladiator on Mar 11, 2022.
             Was a Follower of Elyvilon.
             Quit the game on level 2 of the Dungeon.
             The game lasted 00:04:14 (1512 turns).

Murumi the Skirmisher (Ogre Gladiator)              Turns: 1512, Time: 00:04:15

Health: 48/48      AC:  4    Str: 18    XL:     4   Next: 0%
Magic:  4/4        EV: 10    Int: 11    God:    Elyvilon [*.....]
Gold:   92         SH:  0    Dex: 10    Spells: 3/3 levels left

rFire   . . .      SeeInvis .   a - +0 flail
rCold   . . .      Faith    .   (no shield)
rNeg    . . .      Spirit   .   b - +0 robe
rPois   .          Reflect  .   c - +0 hat
rElec   .          Harm     .   j - +0 cloak
rCorr   .          Rampage  .   (gloves unavailable)
Will    .....                   (boots unavailable)
Stlth   +.........              (no amulet)
HPRegen 0.16/turn               (no ring)
MPRegen 0.09/turn               (no ring)

@: no status effects
A: large, unfitting armour, tough skin 1
a: Renounce Religion, Purification


You were on level 2 of the Dungeon.
You worshipped Elyvilon.
Elyvilon was aware of your devotion.
You visited 1 branch of the dungeon, and saw 2 of its levels.

You collected 155 gold pieces.
You spent 63 gold pieces at shops.

Inventory:

Hand Weapons
 a - a +0 flail (weapon)
Missiles
 d - 3 throwing nets
 e - a large rock
 f - 4 javelins (quivered)
 g - 69 stones
Armour
 b - a +0 robe (worn)
 c - a +0 hat (worn)
 j - a +0 cloak (worn)
Scrolls
 h - a scroll of identify
Potions
 i - a potion of brilliance
 k - a potion of curing {unknown}


   Skills:
 - Level 4.0 Fighting
 - Level 3.0 Maces & Flails
 - Level 2.0 Throwing
 - Level 1.0 Armour
 - Level 3.0 Dodging
 + Level 0.9 Stealth


You had 3 spell levels left.
You didn't know any spells.
Your spell library was empty.

Dungeon Overview and Level Annotations

Branches:
Dungeon (2/15)

Altars:
Elyvilon

Shops:
D:1 ::[


Innate Abilities, Weirdness & Mutations

You are too large for most types of armour.
You have tough skin. (AC +1)


Message History

A bat comes into view.
You see here 8 gold pieces.
No reachable target in view!
Throw: 5 javelins
Press: ? - help, Q - select action, (/) - cycle Shift-Dir - straight line, f - bat
Aim: a bat (44% to hit)
You throw a javelin. The javelin pierces through the plant.
The plant begins to die.
The plant is lightly damaged.
The javelin misses the bat.
You hear a splash.
You completely miss the bat. The bat barely misses you.
You barely miss the bat. The bat hits you but does no damage.
Found a faded altar of an unknown god.
A nearby plant withers and dies.
The bat barely misses you.
A quokka comes into view.
The bat closely misses you.
You miss the bat. The bat completely misses you.
The bat hits you but does no damage. x2
Found a hunting sling.
The bat hits you but does no damage.
You sock the bat!
You kill the bat!
The quokka misses you.
You hit the quokka.
The quokka is almost dead.
The quokka bites you but does no damage.
You hit the quokka but do no damage.
The quokka is almost dead.
The quokka bites you but does no damage.
The quokka bites you.
You hit the quokka.
You kill the quokka!
You have reached level 4!
Search for what [Enter for "."]? god
Found a scroll labelled BERUC IRHIE.
There is a faded altar of an unknown god here.
You cannot tell which god this altar belongs to.
Convert to them anyway?
Elyvilon accepts your prayer! Elyvilon welcomes you!
You can now purify yourself.
Are you sure you want to abandon this character and quit the game? (Confirm with "yes".)

#........#.#
#.#####....#
#.#.<....##
#.#.###.##
#.........
#.$⌠⌠≈≈⌠≈≈
#.......P.
#..⌠.####.
#..P...@#
#...P####
#†.(..P...≈
#..≈≈.≈≈≈≈⌠
#..........
#.#.#.###?#
#..^...) #
#.#######
#.#


There were no monsters in sight!

Vanquished Creatures
  Natasha (D:2)
  A worm (D:2)
  4 bats
  3 endoplasms (D:1)
  2 giant cockroaches (D:1)
  3 goblins (D:1)
  A hobgoblin (D:2)
  3 jackals (D:2)
  4 kobolds (D:1)
  A quokka (D:2)
  2 ball pythons (D:1)
  A frilled lizard (D:1)
26 creatures vanquished.

Vanquished Creatures (others)
  A goblin (D:1)
  A plant (D:2)
2 creatures vanquished.

Grand Total: 28 creatures vanquished

Notes
Turn   | Place    | Note
-------+----------+-------------------------------------------
     0 | D:1      | Murumi the Ogre Gladiator began the quest for the Orb.
     0 | D:1      | Reached XP level 1. HP: 22/22 MP: 1/1
   155 | D:1      | Found Jymys's Book Emporium.
   188 | D:1      | Reached skill level 3 in Fighting
   291 | D:1      | Found Irho Vul's Armour Shop.
   337 | D:1      | Found Kaerph's Book Shop.
   345 | D:1      | Reached XP level 2. HP: 30/31 MP: 2/2
   599 | D:1      | Bought a +0 cloak for 63 gold pieces
  1280 | D:2      | Reached XP level 3. HP: 30/39 MP: 3/3
  1350 | D:2      | Noticed Natasha
  1355 | D:2      | Killed Natasha
  1356 | D:2      | Reached skill level 4 in Fighting
  1356 | D:2      | Reached skill level 1 in Armour
  1496 | D:2      | Found a faded altar of an unknown god.
  1505 | D:2      | Reached XP level 4. HP: 47/48 MP: 4/4
  1511 | D:2      | Prayed at the altar of an unknown god.
  1511 | D:2      | Became a worshipper of Elyvilon the Healer
  1511 | D:2      | Reached * piety under Elyvilon
  1512 | D:2      | Quit the game

Illustrated notes

Levels and vault maps discovered:
D:1:      giann_bridges, layout_basic, serial_shops, nicolae_shop_waterfront,
          nicolae_shop_window_shopping, shop_coins, lemuel_flame_loot_1
D:2:      layout_basic, shapermc_ecumenical_altar_acropolis, uniq_natasha,
          uniq_crazy_yiuf_cottage

Skill      XL: |  1  2  3 |
---------------+----------+-----
Fighting       | 3 4 |  4.0
Maces & Flails | 3 |  3.0
Dodging        | 3 |  3.0
Armour         | 1 |  1.0
Throwing       | |  2.0
Stealth        | |  0.9

Action                   |  1- 3 |  4- 6 || total
-------------------------+-------+-------++-------
Melee: Flail             |    90 |       ||    90
       Punch             |     1 |       ||     1
Throw: Stone             |    22 |       ||    22
       Javelin           |     2 |       ||     2
  Use: Scroll            |     3 |       ||     3
 Stab: Sleeping          |     1 |       ||     1
Armor: Robe              |    32 |       ||    32
Dodge: Dodged            |    53 |       ||    53

Table legend: (Time is in decaauts)
 A = Elapsed time spent in this place.
 B = Non-inter-level travel time spent in this place.
 C = Inter-level travel time spent in this place.
 D = Time resting spent in this place.
 E = Time spent auto-exploring this place.
 F = Levels seen in this place.
 G = Mean time per level.
                   A        B        C        D        E       F      G
               +--------+--------+--------+--------+--------+-----+--------+
         Total |   1540 |   1431 |    109 |      0 |   1188 |   2 |  770.0 |
       Dungeon |   1540 |   1431 |    109 |      0 |   1188 |   2 |  770.0 |
               +--------+--------+--------+--------+--------+-----+--------+

Top non-repeatable levels by time:
     D:1: 1255 daAuts
     D:2: 285 daAuts
